 Dungeon Crawl Stone Soup version 0.23.2 (webtiles) character file.

Game seed: 8752742713201561001

679 Donwell the Cutter (level 7, -3/56 HPs)
             Began as a Gnoll Wanderer on Apr 1, 2019.
             Slain by a sky beast (6 damage)
             ... on level 4 of the Dungeon.
             The game lasted 00:11:37 (7096 turns).

Donwell the Cutter (Gnoll Wanderer)                 Turns: 7096, Time: 00:11:38

Health: -3/56      AC:  4    Str: 15    XL:     7   Next: 60%
Magic:  10/10      EV: 13    Int: 18    God:
Gold:   211        SH:  4    Dex: 12    Spells: 11/11 levels left

rFire    . . .     SeeInvis .   a - +2 dagger
rCold    . . .     Gourm    .   j - +0 buckler
rNeg     . . .     Faith    .   m - +0 leather armour
rPois    .         Spirit   .   f - +0 helmet
rElec    .         Reflect  .   (no cloak)
rCorr    .         Harm     .   (no gloves)
MR       .....                  (no boots)
Stlth    ++........             (no amulet)
HPRegen  0.18/turn              (no ring)
MPRegen  0.12/turn              (no ring)

@: hasted, very quick
A: distributed training, fangs 1, strong nose
a: no special abilities


You were on level 4 of the Dungeon.
You were hungry.

You visited 1 branch of the dungeon, and saw 5 of its levels.

You collected 211 gold pieces.

Inventory:

Hand Weapons
 a - a +2 dagger (weapon)
 w - a +0 hunting sling
   (You found it on level 2 of the Dungeon)
Missiles
 l - 128 stones (quivered)
Armour
 f - a +0 helmet (worn)
   (You found it on level 3 of the Dungeon)
 j - a +0 buckler (worn)
   (You found it on level 1 of the Dungeon)
 m - a +0 leather armour (worn)
   (You found it on level 2 of the Dungeon)
Wands
 d - a wand of iceblast (6)
   (You took it off Ijyb on level 3 of the Dungeon)
Scrolls
 g - a scroll of remove curse {@r2}
 n - a scroll of teleportation {@r4}
 o - a scroll of amnesia
Potions
 b - a potion of ambrosia {unknown}
 c - a potion of agility
 h - a potion of brilliance {unknown}
 i - a potion of haste {@q3}
Comestibles
 e - 9 rations {!d}
 k - 2 chunks of flesh


   Skills:
 + Level 5.2 Fighting
 + Level 7.0 Short Blades
 + Level 2.5 Long Blades
 + Level 2.5 Axes
 + Level 2.5 Maces & Flails
 + Level 2.5 Polearms
 + Level 2.5 Staves
 + Level 2.5 Slings
 + Level 2.5 Bows
 + Level 2.5 Crossbows
 + Level 3.6 Throwing
 + Level 2.5 Armour
 + Level 5.2 Dodging
 + Level 3.5 Stealth
 + Level 2.5 Shields
 + Level 2.5 Unarmed Combat
 + Level 2.5 Spellcasting
 + Level 2.0 Conjurations
 + Level 2.0 Hexes
 + Level 2.0 Charms
 + Level 2.0 Summonings
 + Level 2.0 Necromancy
 + Level 2.0 Translocations
 + Level 2.0 Transmutations
 + Level 2.0 Fire Magic
 + Level 2.0 Ice Magic
 + Level 2.0 Air Magic
 + Level 2.0 Earth Magic
 + Level 2.0 Poison Magic
 + Level 2.8 Invocations
 + Level 3.6 Evocations


You had 11 spell levels left.
You didn't know any spells.
Your spell library was empty.

Dungeon Overview and Level Annotations

Branches:
Dungeon (5/15)
 Temple: D:4-7

Altars:
Dithmenos
Nemelex Xobeh


Innate Abilities, Weirdness & Mutations

Your experience applies equally to all skills.
You have very sharp teeth.
Your uncanny sense of smell can sniff out nearby items.


Message History

* * * LOW HITPOINT WARNING * * *
You hit the sky beast but do no damage. You closely miss the sky beast.
The sky beast closely misses you.
You hit the sky beast but do no damage.
The sky beast hits you but does no damage.
You hit the sky beast. You closely miss the sky beast.
You block the sky beast's attack.
You hit the sky beast. The sky beast misses you.
You miss the sky beast. You miss the sky beast. The sky beast hits you.
* * * LOW HITPOINT WARNING * * *
The sky beast shocks you.
* * * LOW HITPOINT WARNING * * *
You barely miss the sky beast. Your bite misses the sky beast.
You hit the sky beast but do no damage. The sky beast barely misses you.
You hit the sky beast. The sky beast hits you.
* * * LOW HITPOINT WARNING * * *
The sky beast shocks you.
* * * LOW HITPOINT WARNING * * *
You closely miss the sky beast. You completely miss the sky beast.
The sky beast flickers out of sight!
Deactivating autopickup; reactivate with Ctrl-A.
Something completely misses you.
You closely miss something. Something hits you.
* * * LOW HITPOINT WARNING * * *
Something shocks you.
* * * LOW HITPOINT WARNING * * *
You feel better. Something hits you but does no damage.
You hit something. Your bite misses something.
You hit something but do no damage. You block something's attack.
You hit something but do no damage. You block something's attack.
You are feeling hungry.
You miss something. Something hits you.
* * * LOW HITPOINT WARNING * * *
Something shocks you.
* * * LOW HITPOINT WARNING * * *
You feel better. Something hits you.
* * * LOW HITPOINT WARNING * * *
Something shocks you.
* * * LOW HITPOINT WARNING * * *
You barely miss something.
You feel yourself speed up. Something hits you.
* * * LOW HITPOINT WARNING * * *
Something shocks you.
You die...

#.## #........# #..# ##.##.####
##.######.##.# #.#...##.##.##
#.#...##.#...####
##.#..<##.#.#....#
#.........#...##[#
#.........######.# #.......{@#
#.# #......#### #.# ####......#
#.# ###.........# #######.####
#...........# #..........#
#.#.........# #.#####.##.#
#.####...#.####.#####.##.######
#.# #...#.#.......##.#........
#.####...#.#.#####.##.#..######


There were no monsters in sight!

Vanquished Creatures
  An ogre (D:4)
  A phantom (D:4)
  2 scorpions
  A howler monkey (D:4)
  2 hounds
  Jessica (D:2)
  An iguana (D:4)
  Ijyb (D:3)
  3 worker ants (D:4)
  6 gnolls
  A howler monkey skeleton (D:4)
  2 adders
  2 worms (D:4)
  A dart slug (D:1)
  3 leopard geckos
  3 orcs
  4 bats
  4 giant cockroaches
  16 goblins
  4 hobgoblins
  3 jackals (D:3)
  7 kobolds
  2 quokkas
  A ball python (D:2)
  2 frilled lizards (D:3)
  A quokka skeleton (D:4)
  3 rats
78 creatures vanquished.

Notes
Turn   | Place    | Note
-------+----------+-------------------------------------------
     0 | D:1      | Donwell the Gnoll Wanderer began the quest for the Orb.
     0 | D:1      | Donwell set off with the following items: a +2 dagger, a
                  | potion of berserk rage, a +0 short sword, a potion of
                  | curing {@q1}, a ration {!d}, a +0 robe
     0 | D:1      | Reached XP level 1. HP: 20/20 MP: 2/2
   379 | D:1      | Reached XP level 2. HP: 25/26 MP: 3/3
   973 | D:1      | Reached XP level 3. HP: 31/31 MP: 4/4
  1334 | D:2      | Found a shadowy altar of Dithmenos.
  1435 | D:2      | Noticed Jessica
  1445 | D:2      | Killed Jessica
  1445 | D:2      | Reached skill level 1 in Long Blades
  1445 | D:2      | Reached skill level 1 in Axes
  1445 | D:2      | Reached skill level 1 in Maces & Flails
  1445 | D:2      | Reached skill level 1 in Polearms
  1445 | D:2      | Reached skill level 1 in Staves
  1445 | D:2      | Reached skill level 1 in Slings
  1445 | D:2      | Reached skill level 1 in Bows
  1445 | D:2      | Reached skill level 1 in Crossbows
  1445 | D:2      | Reached skill level 1 in Armour
  1445 | D:2      | Reached skill level 1 in Shields
  1445 | D:2      | Reached skill level 1 in Unarmed Combat
  1445 | D:2      | Reached skill level 1 in Spellcasting
  1445 | D:2      | Reached skill level 1 in Invocations
  1445 | D:2      | Reached XP level 4. HP: 38/38 MP: 4/6
  1630 | D:2      | Found a sparkling altar of Nemelex Xobeh.
  2446 | D:3      | Found a faded altar of an unknown god.
  2730 | D:3      | Reached skill level 1 in Conjurations
  2730 | D:3      | Reached skill level 1 in Hexes
  2730 | D:3      | Reached skill level 1 in Charms
  2730 | D:3      | Reached skill level 1 in Summonings
  2730 | D:3      | Reached skill level 1 in Necromancy
  2730 | D:3      | Reached skill level 1 in Translocations
  2730 | D:3      | Reached skill level 1 in Transmutations
  2730 | D:3      | Reached skill level 1 in Fire Magic
  2730 | D:3      | Reached skill level 1 in Ice Magic
  2730 | D:3      | Reached skill level 1 in Air Magic
  2730 | D:3      | Reached skill level 1 in Earth Magic
  2730 | D:3      | Reached skill level 1 in Poison Magic
  2872 | D:3      | Reached XP level 5. HP: 26/43 MP: 7/7
  3667 | D:3      | Noticed Ijyb
  3696 | D:3      | Killed Ijyb
  4059 | D:3      | Reached XP level 6. HP: 14/50 MP: 8/8
  4700 | D:4      | Reached skill level 5 in Fighting
  4700 | D:4      | Reached skill level 5 in Dodging
  5045 | D:4      | Reached XP level 7. HP: 56/56 MP: 10/10
  5504 | D:4      | Reached skill level 7 in Short Blades
  6866 | D:5      | Entered Level 5 of the Dungeon
  6871 | D:5      | Noticed a troll
  7096 | D:4      | Slain by a sky beast

Skill      XL: |  1  2  3  4  5  6  7 |
---------------+----------------------+-----
Long Blades    | 1 2 |  2.5
Axes           | 1 2 |  2.5
Maces & Flails | 1 2 |  2.5
Polearms       | 1 2 |  2.5
Staves         | 1 2 |  2.5
Slings         | 1 2 |  2.5
Bows           | 1 2 |  2.5
Crossbows      | 1 2 |  2.5
Armour         | 1 2 |  2.5
Shields        | 1 2 |  2.5
Unarmed Combat | 1 2 |  2.5
Spellcasting   | 1 2 |  2.5
Invocations    | 1 2 |  2.8
Conjurations   | 1 2 |  2.0
Hexes          | 1 2 |  2.0
Charms         | 1 2 |  2.0
Summonings     | 1 2 |  2.0
Necromancy     | 1 2 |  2.0
Translocations | 1 2 |  2.0
Transmutations | 1 2 |  2.0
Fire Magic     | 1 2 |  2.0
Ice Magic      | 1 2 |  2.0
Air Magic      | 1 2 |  2.0
Earth Magic    | 1 2 |  2.0
Poison Magic   | 1 2 |  2.0
Throwing       | 3 |  3.6
Evocations     | 3 |  3.6
Stealth        | 3 |  3.5
Fighting       | 5 |  5.2
Dodging        | 5 |  5.2
Short Blades   | 7 |  7.0

Action                   |  1- 3 |  4- 6 |  7- 9 || total
-------------------------+-------+-------+-------++-------
Melee: Dagger            |    96 |   219 |   128 ||   443
       Bite              |    10 |    16 |    13 ||    39
 Fire: Hunting sling     |       |    55 |    52 ||   107
Throw: Stone             |     1 |     4 |     3 ||     8
  Use: Potion            |       |     3 |     4 ||     7
       Scroll            |       |     4 |     3 ||     7
 Stab: Sleeping          |     3 |     1 |       ||     4
  Eat: Chunk             |       |     9 |     3 ||    12
       Ration            |       |     1 |     1 ||     2
Armor: Robe              |     3 |       |       ||     3
       Leather armour    |       |    18 |    11 ||    29
Dodge: Dodged            |    48 |   102 |    41 ||   191
Block: Buckler           |    10 |    14 |    13 ||    37
